 Dungeon Crawl Stone Soup version 0.29.1-15-g9cfb28693d (webtiles) character file.

Game seed: 825365080760046677

4700 Edyrem the Fighter (level 10, -12/101 HPs)
             Began as a Minotaur Berserker on Apr 11, 2023.
             Was an Elder of Trog.
             Mangled by a yak (14 damage)
             ... on level 8 of the Dungeon.
             The game lasted 00:25:04 (8140 turns).

Edyrem the Fighter (Minotaur Berserker)             Turns: 8140, Time: 00:25:05

Health: -12/101    AC:  8    Str: 26    XL:     10   Next: 21%
Magic:  5/9        EV: 12    Int:  4    God:    Trog [****..]
Gold:   396        SH:  0    Dex: 10    Spells: 9/9 levels left

rFire   . . .      SeeInvis .   b - +2 whip (flame)
rCold   + . .      Faith    .   (no shield)
rNeg    . . .      Spirit   .   B - +3 leather armour {rC+}
rPois   .          Reflect  .   (helmet restricted)
rElec   .          Harm     .   (no cloak)
rCorr   .          Rampage  .   x - +0 pair of gloves
Will    .....                   (no boots)
Stlth   +.........              (no amulet)
HPRegen 0.26/turn               (no ring)
MPRegen 0.11/turn               (no ring)

@: studying Fighting
A: horns 2, retaliatory headbutt
a: Renounce Religion, Berserk, Trog's Hand, Brothers in Arms


You were on level 8 of the Dungeon.
You worshipped Trog.
Trog was greatly pleased with you.
You visited 1 branch of the dungeon, and saw 8 of its levels.
You also visited: Ossuary.

You collected 396 gold pieces.

Inventory:

Hand Weapons
 a - a +1 antimagic hand axe
 b - a +2 whip of flaming (weapon)
 m - a +0 dagger of speed
 u - a +0 short sword of venom
 I - a +0 hand axe
 M - a +0 sling
Missiles
 c - 110 stones (quivered)
Armour
 x - a +0 pair of gloves (worn)
 A - a +0 chain mail
 B - a +3 leather armour of cold resistance (worn)
 L - a +0 kite shield
Wands
 z - a wand of iceblast (5)
 K - a wand of digging (4)
Scrolls
 d - a scroll of noise {unknown}
 e - a scroll of blinking {unknown}
 g - a scroll of fog
 i - 3 scrolls of immolation
 j - 2 scrolls of teleportation
 l - a scroll of vulnerability {unknown}
 o - a scroll of poison {unknown}
 r - a scroll of magic mapping {unknown}
 s - 6 scrolls of enchant armour {unknown}
 v - 4 scrolls of identify {unknown}
 y - a scroll of torment {unknown}
 C - 2 scrolls of fear {unknown}
 D - 2 scrolls of summoning {unknown}
 E - a scroll of acquirement {unknown}
 F - a scroll of amnesia {unknown}
 H - a scroll of brand weapon {unknown}
Potions
 f - 5 potions of haste {unknown}
 h - 2 potions of lignification {unknown}
 k - a potion of resistance {unknown}
 n - a potion of magic {unknown}
 p - 2 potions of heal wounds {unknown}
 q - 3 potions of attraction {unknown}
 t - a potion of ambrosia {unknown}
 w - a potion of might {unknown}
 G - a potion of berserk rage {unknown}
 J - a potion of curing {unknown}


   Skills:
 + Level 13.5 Fighting
 + Level 12.1 Axes
 + Level 5.5 Armour
 - Level 2.1 Dodging
 + Level 4.8 Shields


You had 9 spell levels left.
You didn't know any spells.
Your spell library was empty.

Dungeon Overview and Level Annotations

Branches:
Dungeon (8/15)             Temple (0/1) D:7         Ossuary (visited)
   Lair: D:8-11

Altars:
Cheibriados
Fedhas
Nemelex Xobeh
Uskayaw
Wu Jian

Shops:
D:7 :


Innate Abilities, Weirdness & Mutations

You have a pair of horns on your head.
You reflexively headbutt those who attack you in melee.


Message History

The yak is severely wounded.
You whack the yak! You burn the yak.
You kill the yak!
Trog accepts your kill.
You hit the yak but do no damage. You headbutt the yak, but do no damage.
The yak gores you but does no damage.
You hit the yak but do no damage. You headbutt the yak.
The yak is lightly wounded.
The yak gores you.
* * * LOW HITPOINT WARNING * * *
You hit the yak but do no damage. You headbutt the yak!
The yak is heavily wounded.
You hit the yak but do no damage.
The yak is heavily wounded.
The yak barely misses you. You furiously retaliate!
You headbutt the yak! You hit the yak but do no damage.
Your headbutt misses the yak.
The yak is severely wounded.
Your skin stops crawling.
You feel less strong-willed. The yak gores you!
* * * LOW HITPOINT WARNING * * *
You barely miss the yak. You headbutt the yak, but do no damage.
The yak is severely wounded.
The yak gores you.
* * * LOW HITPOINT WARNING * * *
You hit the yak. You burn the yak. You headbutt the yak!
You kill the yak!
Trog accepts your kill.
Aiming: Iceblast
Press: ? - help, Shift-Dir - straight line, f - yak
Aim: a yak The mass of ice explodes!
The iceblast engulfs the yak!
The yak is heavily wounded.
The iceblast engulfs the orc!
You kill the orc!
Trog accepts your kill.
You recover from your berserk rage.
You barely miss the yak. You headbutt the yak!
The yak is severely wounded.
The yak gores you!
You die...

+...#.....#
###.#.##..#
#+##.....<...#
#......#..#[)#
#..#.#.#..#))#
#..#.#.#..#))#
#..#.#.#..#..#
#..#.#.#..#..#
#..#.#@#..#...
#.^#.#Y#..#....
#..#.#S# #....
#....#)# #.....
##.###.####..
#..#..........
#.##.#.#####.#
#.##Y#.#
#.##.#.# #


You could see a yak and a water moccasin.

Vanquished Creatures
  A death yak (D:8)
  Eustachio (D:4)
  4 yaks (D:8)
  Menkaure (D:4)
  A water moccasin (D:6)
  2 sky beasts
  An ice beast (D:6)
  2 black bears
  2 phantoms
  A kobold brigand (D:6)
  3 bullfrogs
  3 scorpions
  2 hounds (D:7)
  5 centaur zombies (Ossuary)
  3 jellies
  A gnoll bouda (D:7)
  3 orc priests
  2 iguanas
  Jessica (D:2)
  3 orc wizards
  6 mummies (Ossuary)
  Robin (D:4)
  13 gnolls
  8 adders
  2 shadow imps
  3 ufetubi
  4 dart slugs
  34 orcs
  4 endoplasms
  2 giant cockroaches
  9 hobgoblins
  2 jackals (D:4)
  7 ball pythons
  3 bats
  2 frilled lizards
  14 goblins
  6 hobgoblin zombies (Ossuary)
  10 kobolds
  3 rats
175 creatures vanquished.

Vanquished Creatures (collateral kills)
  2 death yaks (D:8)
2 creatures vanquished.

Vanquished Creatures (others)
  17 plants (D:3)
17 creatures vanquished.

Grand Total: 194 creatures vanquished

Notes
Turn   | Place    | Note
-------+----------+-------------------------------------------
     0 | D:1      | Edyrem the Minotaur Berserker began the quest for the Orb.
     0 | D:1      | Reached XP level 1. HP: 19/19 MP: 0/0
   174 | D:1      | Reached skill level 4 in Fighting
   177 | D:1      | Reached XP level 2. HP: 21/27 MP: 1/1
  1047 | D:1      | Found a faded altar of an unknown god.
  1193 | D:2      | Noticed Jessica
  1213 | D:2      | Killed Jessica
  1214 | D:2      | Reached XP level 3. HP: 34/34 MP: 2/2
  1394 | D:2      | Reached skill level 5 in Axes
  1394 | D:2      | Reached XP level 4. HP: 36/41 MP: 3/3
  1480 | D:2      | Reached skill level 5 in Fighting
  2040 | D:3      | Found a hide-covered altar of Uskayaw.
  2318 | D:3      | Noticed a black bear
  2319 | D:3      | Reached XP level 5. HP: 44/48 MP: 4/4
  2385 | D:3      | Reached ** piety under Trog
  2913 | D:3      | Killed a black bear
  2914 | D:3      | Reached skill level 6 in Fighting
  2914 | D:3      | Reached XP level 6. HP: 57/57 MP: 5/5
  3133 | D:3      | Found a sparkling altar of Nemelex Xobeh.
  3158 | D:3      | You fall into a shaft and drop 3 floors!
  3214 | D:5      | Entered Level 5 of the Dungeon
  3362 | D:5      | Reached skill level 7 in Fighting
  3568 | D:6      | Noticed a sky beast
  3583 | D:6      | Killed a sky beast
  3584 | D:6      | Reached XP level 7. HP: 63/66 MP: 6/6
  4017 | D:6      | Reached skill level 8 in Fighting
  4457 | D:4      | Noticed Menkaure
  4464 | D:4      | Killed Menkaure
  4465 | D:4      | Reached XP level 8. HP: 75/75 MP: 7/7
  4467 | D:4      | Noticed Robin
  4480 | D:4      | Killed Robin
  4587 | D:4      | Noticed Eustachio
  4597 | D:4      | Killed Eustachio
  4598 | D:4      | Reached skill level 9 in Fighting
  4852 | D:4      | Reached *** piety under Trog
  4866 | D:4      | Found a sand-covered staircase.
  4873 | Ossuary  | Entered an ossuary
  5182 | D:4      | Found an ornate altar of the Wu Jian Council.
  5186 | D:4      | Found a blossoming altar of Fedhas.
  5190 | D:4      | Found a snail-covered altar of Cheibriados.
  6222 | D:6      | Reached skill level 10 in Fighting
  6222 | D:6      | Reached skill level 10 in Axes
  6532 | D:6      | Reached **** piety under Trog
  6556 | D:7      | Found a staircase to the Ecumenical Temple.
  6646 | D:7      | Reached XP level 9. HP: 86/86 MP: 8/8
  6719 | D:7      | Reached skill level 11 in Fighting
  7286 | D:7      | Found Urroupn's Book Emporium.
  8075 | D:8      | Noticed a death yak
  8090 | D:8      | Killed a death yak
  8091 | D:8      | Reached skill level 12 in Fighting
  8091 | D:8      | Noticed a death yak
  8092 | D:8      | Noticed a death yak
  8113 | D:8      | Killed a death yak
  8115 | D:8      | Killed a death yak
  8116 | D:8      | Reached skill level 13 in Fighting
  8116 | D:8      | Reached skill level 5 in Armour
  8116 | D:8      | Reached XP level 10. HP: 41/101 MP: 3/9
  8136 | D:8      | HP: 3/101 [yak (7)]
  8137 | D:8      | HP: 1/101 [yak (2)]
  8140 | D:8      | Mangled by a yak

Illustrated notes

Levels and vault maps discovered:
D:1:      dpeg_arrival_houses_and_road, layout_loops_corners,
          shapermc_ecumenical_altar_mp_ritualfount, minmay_box_of_dots
D:2:      layout_basic, uniq_jessica
D:3:      layout_loops_cross, nicolae_uskayaw_dance_hall,
          mainiacjoe_overflow_tiny_flanked, kennysheep_minor_cross,
          serial_bayou_lagoon_a, dk_vineyard_2
D:4:      layout_basic, grunt_temple_overflow_diamond,
          chequers_ossuary_entry_cave, uniq_menkaure, uniq_eustachio, uniq_robin
D:5:      layout_basic
D:6:      layout_basic
D:7:      layout_gridville, minmay_temple_entry_statues_pillars, serial_shops,
          nicolae_shop_advertising_works [nicolae_subvault_shop_adworks],
          minmay_manual_monstrance
D:8:      layout_basic, mainiacjoe_overflow_brackets, dpeg_lair_monsters,
          gammafunk_ghost_grave

Skill      XL: |  1  2  3  4  5  6  7  8  9 |
---------------+----------------------------+-----
Fighting       | 4 5 6 7 8 10 13 | 13.5
Axes           | 4 5 6 7 8 10 12 | 12.1
Armour         | 5 |  5.5
Shields        | 4 |  4.8
Dodging        | |  2.1

Action                   |  1- 3 |  4- 6 |  7- 9 | 10-12 || total
-------------------------+-------+-------+-------+-------++-------
Melee: Hand axe          |    53 |    53 |   191 |       ||   297
       Headbutt          |     9 |    25 |    56 |    10 ||   100
       Whip              |       |    71 |    67 |    21 ||   159
       Punch             |       |       |     2 |       ||     2
Throw: Stone             |       |     1 |       |       ||     1
Invok: Berserk           |       |     3 |     4 |       ||     7
       Trog's Hand       |       |     1 |       |     1 ||     2
       Brothers in Arms  |       |       |     1 |       ||     1
Evoke: Wand              |       |       |       |     1 ||     1
  Use: Scroll            |       |     2 |     1 |       ||     3
Armor: Animal skin       |     3 |       |       |       ||     3
       Leather armour    |     6 |    29 |    70 |     2 ||   107
       Ring mail         |       |     4 |     9 |       ||    13
       Chain mail        |       |       |    14 |       ||    14
Dodge: Dodged            |    20 |    63 |   147 |     4 ||   234
